 Dungeon Crawl Stone Soup version 0.29.1-2-gbd0b4ee654 (webtiles) character file.

Game seed: 1338306106411814995

48 GigaChad the Trooper (level 3, -2/34 HPs)
             Began as a Minotaur Fighter on Oct 21, 2022.
             Slain by a gnoll
             ... wielding a +0 flail
              (4 damage)
             ... on level 2 of the Dungeon on Oct 25, 2022.
             The game lasted 00:04:33 (1062 turns).

GigaChad the Trooper (Minotaur Fighter)             Turns: 1062, Time: 00:04:34

Health: -2/34      AC:  7    Str: 22    XL:     3   Next: 50%
Magic:  2/2        EV:  9    Int:  5    God:
Gold:   84         SH:  4    Dex:  9    Spells: 2/2 levels left

rFire   + . .      SeeInvis .   a - +0 flail
rCold   + . .      Faith    .   c - +0 buckler
rNeg    . . .      Spirit   .   b - +0 scale mail
rPois   .          Reflect  .   (helmet restricted)
rElec   .          Harm     .   e - scarf {rC+ rF+}
rCorr   .          Rampage  .   (no gloves)
Will    .....                   (no boots)
Stlth   ..........              (no amulet)
HPRegen 0.11/turn               (no ring)
MPRegen 0.08/turn               (no ring)

@: no status effects
A: horns 2, retaliatory headbutt
a: no special abilities


You were on level 2 of the Dungeon.
You visited 1 branch of the dungeon, and saw 2 of its levels.

You collected 84 gold pieces.

Inventory:

Hand Weapons
 a - a +0 flail (weapon)
Armour
 b - a +0 scale mail (worn)
 c - a +0 buckler (worn)
 e - a scarf of resistance (worn)
Scrolls
 g - a scroll of brand weapon {unknown}
 h - a scroll of enchant armour {unknown}
 j - a scroll of immolation {unknown}
 k - a scroll of fear {unknown}
 l - a scroll of identify {unknown}
Potions
 d - a potion of might
 f - a potion of mutation {unknown}
 i - a potion of heal wounds {unknown}


   Skills:
 + Level 4.7 Fighting
 - Level 3.0 Maces & Flails
 - Level 4.0 Armour
 - Level 3.8 Shields


You had 2 spell levels left.
You didn't know any spells.
Your spell library was empty.

Dungeon Overview and Level Annotations

Branches:
Dungeon (2/15)

Altars:


Innate Abilities, Weirdness & Mutations

You have a pair of horns on your head.
You reflexively headbutt those who attack you in melee.


Message History

You hit the rat.
You kill the rat!
You see here a rat corpse.
Found 14 gold pieces.
You now have 84 gold pieces (gained 14). 2 gnolls and an adder come into view.
The gnoll shouts! x2; The adder hisses angrily.
The adder barely misses you.
There are monsters nearby!
There are monsters nearby!
There are monsters nearby!
You sock the adder!
The adder is almost dead.
The adder closely misses you.
A gnoll comes into view. It is wielding a +0 flail.
The gnoll shouts!
You hit the adder.
You kill the adder!
You hear an angry hiss.
The gnoll barely misses you. The gnoll barely misses you.
You block the gnoll's attack.
You barely miss the gnoll.
The gnoll hits you from afar with a +0 halberd.
The gnoll hits you with a +0 halberd!
You closely miss the gnoll. The gnoll closely misses you.
The gnoll hits you with a +0 halberd! The gnoll closely misses you.
You barely miss the gnoll. You headbutt the gnoll.
The gnoll is moderately wounded.
The gnoll hits you with a +0 halberd!
* * * LOW HITPOINT WARNING * * *
You completely miss the gnoll.
The gnoll is moderately wounded.
The gnoll barely misses you. The gnoll closely misses you.
You furiously retaliate!
You headbutt the gnoll! You hit the gnoll.
The gnoll is moderately wounded.
The gnoll barely misses you. The gnoll hits you with a +0 halberd.
* * * LOW HITPOINT WARNING * * *
The gnoll hits you with a +0 flail.
You die...

###.########
..........#
#........# #
#........# ##.
#........###### ....
#.............#
#..###.............#
#.................###
####@########........
#gg# #.....### ##g#
#.....# .# #.....# ..
#.....### .#.
#.....#.. .#.
####+#... .# # #...
#...


You could see 3 gnolls.

Vanquished Creatures
  2 adders (D:2)
  4 endoplasms
  A giant cockroach (D:1)
  2 goblins (D:1)
  2 hobgoblins (D:1)
  3 jackals (D:1)
  2 kobolds
  2 quokkas
  4 ball pythons
  A bat (D:1)
  2 rats
25 creatures vanquished.

Notes
Turn   | Place    | Note
-------+----------+-------------------------------------------
     0 | D:1      | GigaChad the Minotaur Fighter began the quest for the Orb.
     0 | D:1      | Reached XP level 1. HP: 19/19 MP: 0/0
   202 | D:1      | Reached XP level 2. HP: 27/27 MP: 1/1
   688 | D:1      | Upgraded the game from 0.29.1-1-gd02db6906a to
                  | 0.29.1-2-gbd0b4ee654
   981 | D:2      | Reached XP level 3. HP: 34/34 MP: 2/2
  1062 | D:2      | Slain by a gnoll

Illustrated notes

Levels and vault maps discovered:
D:1:      dpeg_arrival_shrine, layout_basic
D:2:      layout_basic, shapermc_ecumenical_altar_starsandcircs,
          minmay_fractal_squares_5, uniq_terence

Skill      XL: |  1  2 |
---------------+-------+-----
Armour         | 4 |  4.0
Maces & Flails | 3 |  3.0
Fighting       | 4 |  4.7
Shields        | |  3.8

Action                   || total
-------------------------++-------
Melee: Flail             ||    60
       Headbutt          ||     3
  Use: Scroll            ||     1
Armor: Scale mail        ||    37
Dodge: Dodged            ||    38
Block: Buckler           ||    13
